 Dungeon Crawl Stone Soup version 0.30-a0-586-g23e55c9e0a (webtiles) character file.

Game seed: 11268353674184301135

11 wormed the Magician (level 2, -1/22 HPs)
             Began as a Djinni Fire Elementalist on Jan 4, 2023.
             Slain by a jackal (3 damage)
             ... on level 1 of the Dungeon.
             The game lasted 00:01:00 (1032 turns).

wormed the Magician (Djinni Fire Elementalist)      Turns: 1032, Time: 00:01:01

Health: -1/22      AC:  2    Str:  7    XL:     2   Next: 40%
Gold:   55         EV: 12    Int: 16    God:
                   SH:  0    Dex: 13

rFire   + + .      SeeInvis .    (no weapon)
rCold   x . .      Faith    .    (no shield)
rNeg    . . .      Spirit   .    a - +0 robe
rPois   ∞          Reflect  .    (no helmet)
rElec   .          Harm     .    (no cloak)
rCorr   .          Rampage  .    (no gloves)
Will    .....                    (boots unavailable)
Stlth   ++                       (no amulet)
HPRegen 0.23/turn                (no ring)
MPRegen 0.00/turn                (no ring)

@: flying
A: sickness immunity, fire resistance 2, cold vulnerability 1, float, innate
caster, HP casting, extra vitality 1
a: no special abilities


You were on level 1 of the Dungeon.
You visited 1 branch of the dungeon, and saw 1 of its levels.

You collected 55 gold pieces.

Inventory:

Armour
 a - a +0 robe (worn)
Scrolls
 c - a scroll of identify {unknown}
 e - a scroll of enchant weapon {unknown}
Potions
 b - a potion of magic
 d - a potion of brilliance {unknown}


   Skills:
 + Level 1.2 Fighting
 - Level 2.1 Dodging
 - Level 1.5 Stealth
 + Level 2.7 Spellcasting


You couldn't memorise any spells.
You knew the following spells:

 Your Spells              Type           Power      Damage    Failure   Level
a - Foxfire               Conj/Fire      40%        2x1d6     6%          1
b - Scorch                Fire           20%        2d6       10%         2
c - Kindle Blastsparks    Fire/Tloc/Air  20%        2d11      19%         3
d - Inner Flame           Hex/Fire       10%        N/A       19%         3
e - Flame Wave            Conj/Fire      10%        2d6       54%         4
Your spell library was empty.

Dungeon Overview and Level Annotations

Branches:
Dungeon (1/15)

Altars:


Innate Abilities, Weirdness & Mutations

You are immune to sickness and miasma.
You are immune to poison.
Your flesh is very heat resistant. (rF++)
You are vulnerable to cold. (rC-)
You float through the air rather than walking.
You learn spells naturally, not from books.
Your magical power is your life essence.
You have superior vitality. (+4 MHP)


Message History

The jackal is heavily wounded.
The jackal completely misses you. The jackal completely misses you.
The endoplasm jiggles.
The jackal stops to sniff the ground.
The jackal closely misses you. The jackal misses you.
Your magical contamination has completely faded away.
The jackal bites you but does no damage.
The jackal bites you but does no damage.
The jackal attacks as you move away!
The jackal bites you but does no damage.
The giant cockroach attacks as you move away!
The giant cockroach misses you. The jackal attacks as you move away!
The jackal bites you. The jackal attacks as you move away!
The jackal misses you.
The giant cockroach attacks as you move away!
The giant cockroach closely misses you. The jackal closely misses you.
The jackal attacks as you move away!
The jackal bites you but does no damage.
The jackal bites you. The jackal attacks as you move away!
The jackal misses you. The giant cockroach misses you.
The giant cockroach bites you. The jackal bites you.
The jackal attacks as you move away! The jackal misses you.
The jackal attacks as you move away! The jackal misses you.
The jackal bites you. x2
* * * LOW HITPOINT WARNING * * *
The jackal attacks as you move away! The jackal bites you.
* * * LOW HITPOINT WARNING * * *
The giant cockroach bites you.
* * * LOW HITPOINT WARNING * * *
The jackal bites you but does no damage.
The jackal closely misses you. The jackal attacks as you move away!
The jackal bites you.
* * * LOW HITPOINT WARNING * * *
The jackal attacks as you move away! The jackal bites you.
* * * LOW HITPOINT WARNING * * *
The jackal attacks as you move away! The jackal bites you.
You die...

#....................##+########
#....................##.########
###.............................
#.......########.J.##.########
#..........####B.#.##.#
#...............##.##.# ##
#.#####.......B.##.##.# #.
#............hh..#.##.# #.
#..####......@h..#.##.# #.
#..####..........#.##.# #.
#.†...+......>...#.##.# #.
##.####..........#.##.# #### #.#
#.#####'##.#....# #.# #.# #.#
#.##.##########.# #.# #.#
#.##..).........# #####.# #.#
#.############### ......# #.#
#.........#


You could see an endoplasm, 3 jackals and 2 giant cockroaches.

Vanquished Creatures
  A dart slug (D:1)
  A bat (D:1)
  An endoplasm (D:1)
  2 giant cockroaches (D:1)
  A hobgoblin (D:1)
  A kobold (D:1)
  A rat (D:1)
8 creatures vanquished.

Vanquished Creatures (others)
  40 foxfires (D:1)
40 creatures vanquished.

Grand Total: 48 creatures vanquished

Notes
Turn   | Place    | Note
-------+----------+-------------------------------------------
     0 | D:1      | wormed the Djinni Fire Elementalist began the quest for the
                  | Orb.
     0 | D:1      | wormed set off with the following spells memorised:
                  | Foxfire, Scorch, Kindle Blastsparks, Inner Flame, Flame
                  | Wave.
     0 | D:1      | Reached XP level 1. HP: 15/15 MP: 0/0
     1 | D:1      | Found a runed translucent door.
   172 | D:1      | Reached skill level 1 in Fighting
   172 | D:1      | Reached XP level 2. HP: 17/22 MP: 0/0
  1032 | D:1      | Slain by a jackal

Illustrated notes

Levels and vault maps discovered:
D:1:      dpeg_arrival_caged_fury, layout_basic

Skill      XL: |  1 |
---------------+----+-----
Fighting       | 1 |  1.2
Dodging        | |  2.1
Stealth        | |  1.5
Spellcasting   | |  2.7

Action                   || total
-------------------------++-------
 Cast: Foxfire           ||    25
Armor: Robe              ||     9
Dodge: Dodged            ||    33

Table legend: (Time is in decaauts)
 A = Elapsed time spent in this place.
 B = Non-inter-level travel time spent in this place.
 C = Inter-level travel time spent in this place.
 D = Time resting spent in this place.
 E = Time spent auto-exploring this place.
 F = Levels seen in this place.
 G = Mean time per level.
                   A        B        C        D        E       F      G
               +--------+--------+--------+--------+--------+-----+--------+
         Total |   1032 |   1032 |      0 |      0 |    900 |   1 | 1032.0 |
       Dungeon |   1032 |   1032 |      0 |      0 |    900 |   1 | 1032.0 |
               +--------+--------+--------+--------+--------+-----+--------+

Top non-repeatable levels by time:
     D:1: 1032 daAuts
